 Dungeon Crawl Stone Soup version 0.18.1-48-g4cf74bf (webtiles) character file.

142 KarvaRausku the Ruffian (level 5, 0/45 HPs)
             Began as a Draconian Transmuter on Aug 16, 2016.
             Slain by a goblin
             ... wielding a +0 club
             ... led by Robin
              (3 damage)
             ... on level 4 of the Dungeon.
             The game lasted 00:07:24 (2237 turns).

KarvaRausku the Ruffian (Draconian Transmuter)      Turns: 2237, Time: 00:07:24

Health: 0/45       AC:  5    Str:  9 (12) XL:     5   Next: 4%
Magic:  8/8        EV: 12    Int: 13 (15) God:
Gold:   172        SH:  0    Dex: 10 (11) Spells: 1 memorised, 7 levels left

rFire  . . .     SeeInvis .       - Unarmed
rCold  . . .     Gourm    .     (armour unavailable)
rNeg   . . .     Faith    .     (no shield)
rPois  .         Spirit   .     (helmet restricted)
rElec  .         Dismiss  .     (no cloak)
rCorr  .         Reflect  .     (no gloves)
SustAt .         Harm     .     (no boots)
MR     .....                    (no amulet)
Stlth  +.........               (no ring)
                                (no ring)

@: hasted, very quick, not resistant to hostile enchantments, very unstealthy
A: unfitting armour, cold-blooded, AC +5
a: no special abilities


You were on level 4 of the Dungeon.
You were full.

You visited 1 branch of the dungeon, and saw 4 of its levels.

You collected 172 gold pieces.

Inventory:

Missiles
 a - 35 arrows
Wands
 u - a wand of iceblast (11/15)
 y - a wand of confusion (30/48)
Scrolls
 d - 4 scrolls of amnesia {unknown}
 e - 4 scrolls of recharging {unknown}
 h - a scroll of magic mapping {unknown}
 k - 3 scrolls of identify {unknown}
 m - 3 scrolls of remove curse {unknown}
 n - a scroll of immolation {unknown}
 o - a scroll of enchant armour {unknown}
 q - 2 scrolls of fog {unknown}
 t - a scroll of blinking {unknown}
 v - a scroll of teleportation {unknown}
Potions
 f - a potion of curing {unknown}
 g - a potion of cure mutation {unknown}
 i - a potion of haste
 j - 2 potions of magic {unknown}
 p - 3 potions of degeneration
 r - a potion of cancellation {unknown}
 w - a potion of lignification {unknown}
 x - a potion of heal wounds {unknown}
Books
 b - a book of Changes

   Spells                             Type                      Level
   a - Beastly Appendage              Transmutation                1
   b - Sticks to Snakes               Transmutation                2
   c - Spider Form                    Transmutation/Poison         3
   d - Ice Form                       Ice/Transmutation            4
   e - Blade Hands                    Transmutation                5
 s - a book of Unlife

   Spells                             Type                      Level
   a - Recall                         Summoning/Translocation      3
   b - Animate Dead                   Necromancy                   4
   c - Control Undead                 Necromancy                   4
   d - Cigotuvi's Embrace             Necromancy                   5
   e - Death Channel                  Necromancy                   6
   f - Simulacrum                     Ice/Necromancy               6
Comestibles
 c - 5 bread rations
 l - 5 fruits


   Skills:
 + Level 3.2 Fighting
 + Level 2.0 Dodging
 + Level 4.2 Unarmed Combat
 + Level 2.2 Spellcasting
 + Level 2.6 Transmutations


You had 7 spell levels left.
You knew the following spells:

 Your Spells              Type           Power        Failure   Level  Hunger
a - Beastly Appendage     Trmt           #.....       10%         1    ##.....


Dungeon Overview and Level Annotations

Branches:
Dungeon (4/15)
 Temple: D:4-7

Altars:
Gozag
Nemelex Xobeh


Innate Abilities, Weirdness & Mutations

Your plain brown scales are hard (AC +5).
Your body does not fit into most forms of armour.
You are cold-blooded and may be slowed by cold attacks.


Message History

You have reached level 5!
The goblin hits you with a dagger.
* * * LOW HITPOINT WARNING * * *
The goblin hits you but does no damage. The goblin barely misses you.
Read which item? (? for menu, Esc to quit)
Okay, then.
Drink which item? (? for menu, Esc to quit)
It was a potion of degeneration.
There was something very wrong with that liquid.
You feel weakened.
You feel dopey.
You feel clumsy.
The goblin no longer looks unusually strong.
The hobgoblin no longer looks unusually strong.
The goblin hits you but does no damage. The goblin barely misses you.
The goblin hits you.
* * * LOW HITPOINT WARNING * * *
The goblin misses you.
Drink which item? (? for menu, Esc to quit)
It was a potion of haste.
You feel yourself speed up. The goblin barely misses you.
The goblin hits you with a club.
You die...

#ggg... .######. #.g....
.......#.# #.....
#......#.. #...g.
#......##. #.....
#......##.## #.....
#......# ..#
##.....##g.....###.#####.
......gg@g...............
##.....##g.....###..####.
#..... ######## ##.#
#..... #.## #..... #..#
#..... ##.## #.....
#..##. ###### ##.##.
#.##.


You could see a hobgoblin and 4 goblins.

Vanquished Creatures
  Robin (D:4)
  A howler monkey skeleton (D:4)
  3 adders
  An ooze (D:4)
  2 adder skeletons (D:4)
  3 worms
  3 dart slugs
  4 giant geckos
  A ball python (D:1)
  8 bats
  5 giant cockroaches
  6 goblins
  10 hobgoblins
  3 jackals (D:1)
  7 kobolds
  A quokka (D:4)
  2 giant newts (D:1)
  4 rats
65 creatures vanquished.

Notes
Turn   | Place    | Note
--------------------------------------------------------------
     0 | D:1      | KarvaRausku the Draconian Transmuter began the quest for the Orb.
     0 | D:1      | Reached XP level 1. HP: 16/16 MP: 3/3
    76 | D:1      | Reached XP level 2. HP: 22/24 MP: 5/5
   563 | D:2      | Reached XP level 3. HP: 18/29 MP: 6/6
  1107 | D:2      | Reached skill level 4 in Unarmed Combat
  1244 | D:2      | Reached XP level 4. HP: 32/37 MP: 7/7
  1332 | D:2      | Found a sparkling altar of Nemelex Xobeh.
  1586 | D:3      | Found an opulent altar of Gozag.
  2208 | D:4      | Noticed Robin
  2235 | D:4      | Killed Robin
  2235 | D:4      | Reached XP level 5. HP: 6/45 MP: 8/8
  2237 | D:4      | Slain by a goblin

Skill      XL: |  1  2  3  4 |
---------------+-------------+-----
Fighting       | 2 3 |  3.2
Unarmed Combat | 4 |  4.2
Dodging        | 2 |  2.0
Spellcasting   | |  2.2
Transmutations | |  2.6

Action                   |  1- 3 |  4- 6 || total
-------------------------+-------+-------++-------
Melee: Unarmed           |   171 |    93 ||   264
       Tailslap          |    16 |    15 ||    31
       Headbutt          |       |     3 ||     3
       Punch             |       |     3 ||     3
 Cast: Beastly Appendage |       |     4 ||     4
  Use: Potion            |       |     2 ||     2
 Stab: Sleeping          |     2 |       ||     2
  Eat: Chunk             |     1 |     3 ||     4
       Meat ration       |       |     1 ||     1
Armor: Skin              |    35 |    37 ||    72
Dodge: Dodged            |    97 |    60 ||   157
